 Seeded DCSS version 0.29-a0-911-g88e6f02907 (webtiles) character file.

Game seed: 20220725 (custom seed)

12186 flotson the Fighter (level 11, 0/87 HPs)
             Began as a Demonspawn Delver on July 25, 2022.
             Slain by a large slime creature (25 damage)
             ... on level 9 of the Dungeon on July 26, 2022.
             The game lasted 00:28:42 (13894 turns).

flotson the Fighter (Demonspawn Delver)            Turns: 13894, Time: 00:28:42

Health: 0/87       AC: 12    Str: 20    XL:     11   Next: 59%
Magic:  0/11       EV: 19    Int: 16    God:
Gold:   650        SH:  0    Dex: 18    Spells: 10/10 levels left

rFire   + . .      SeeInvis .   a - +10 glaive "Uviol" {vorpal, rN+ Str-3 Int+4 Dex+4}
rCold   . . .      Faith    .   (shield currently unavailable)
rNeg    + . .      Spirit   +   t - +1 ring mail {rF+}
rPois   .          Reflect  .   (helmet restricted)
rElec   .          Harm     .   B - +0 cloak
rCorr   .          Rampage  .   (no gloves)
Will    .....                   r - +0 pair of boots
Stlth   ++........              (no amulet)
HPRegen 0.24/turn               z - +4 ring of evasion
MPRegen 0.24/turn               p - +6 ring of strength

@: no status effects
A: horns 1, thin metallic scales 1, powered by pain 2, magic shield, magic
regeneration
a: no special abilities


You were on level 9 of the Dungeon.
You visited 2 branches of the dungeon, and saw 10 of its levels.

You collected 717 gold pieces.
You spent 67 gold pieces at shops.

Inventory:

Hand Weapons
 a - the +10 glaive "Uviol" (weapon) {vorpal, rN+ Str-3 Int+4 Dex+4}
   (You found it on level 6 of the Dungeon)

   It inflicts extra damage upon your enemies.
   Str:       It affects your strength (-3).
   Int:       It affects your intelligence (+4).
   Dex:       It affects your dexterity (+4).
   rN:        It protects you from negative energy.
 b - a +0 longbow
Missiles
 d - 3 atropa-tipped darts
 h - 8 javelins
 i - 30 poisoned darts
 j - 13 boomerangs
 A - 2 throwing nets
 E - 6 curare-tipped darts (quivered)
Armour
 r - a +0 pair of boots (worn)
 t - a +1 ring mail of fire resistance (worn)
 B - a +0 cloak (worn)
Jewellery
 f - a ring of willpower
 o - a ring of magical power
 p - a +6 ring of strength (right hand)
 z - a +4 ring of evasion (left hand)
Wands
 l - a wand of charming (4)
 I - a wand of quicksilver (5)
 J - a wand of iceblast (7)
Scrolls
 c - a scroll of fog
 e - 3 scrolls of vulnerability
 g - 4 scrolls of enchant armour
 m - a scroll of silence {unknown}
 s - 3 scrolls of blinking
 x - a scroll of fear
 C - a scroll of torment
 D - a scroll of summoning {unknown}
 G - a scroll of poison {unknown}
Potions
 k - 2 potions of flight
 n - 4 potions of mutation
 q - a potion of haste
 u - 2 potions of attraction
 w - a potion of lignification
 y - a potion of curing
 F - a potion of might
 H - a potion of berserk rage
Miscellaneous
 L - a lightning rod (4/4)


   Skills:
 + Level 8.3 Fighting
 - Level 4.4(5.7) Axes
 + Level 5.4(6.2) Polearms
 + Level 6.8 Throwing
 + Level 6.9 Armour
 + Level 7.3 Dodging
 - Level 4.5 Stealth
 + Level 7.5 Evocations


You had 10 spell levels left.
You didn't know any spells.
Your spell library contained the following spells:

 Spells                   Type           Power      Damage    Failure   Level
 Shock                    Conj/Air       0%         1d3       36%         1
 Slow                     Hex            0%         N/A       36%         1
 Sting                    Tmut/Pois      0%         1d3       36%         1
 Poisonous Vapours        Pois/Air       0%         N/A       52%         2
 Scorch                   Fire           0%         2d5       52%         2
 Confusing Touch          Hex            0%         N/A       75%         3
 Swiftness                Air            0%         N/A       75%         3
 Vampiric Draining        Necr           0%         2d6       75%         3
 Airstrike                Air            0%         0-1+      98%         4
 Flame Wave               Conj/Fire      0%         2d4       98%         4
 Olgreb's Toxic Radiance  Pois           0%         N/A       98%         4
 Passage of Golubria      Tloc           0%         N/A       98%         4
 Summon Ice Beast         Ice/Summ       0%         N/A       98%         4
 Summon Lightning Spire   Summ/Air       0%         N/A       98%         4
 Lightning Bolt           Conj/Air       0%         1d11      100%        5
 Silence                  Hex/Air        0%         N/A       100%        5
 Summon Mana Viper        Hex/Summ       0%         N/A       100%        5
 Summon Cactus Giant      Summ           0%         N/A       100%        6
 Monstrous Menagerie      Summ           0%         N/A       100%        7
 Lehudib's Crystal Spear  Conj/Erth      0%         10d2      100%        8


Dungeon Overview and Level Annotations

Branches:
Dungeon (9/15)             Temple (1/1) D:5            Lair (0/5) D:9
    Orc (0/2) D:9

Altars:
Ashenzari
Cheibriados
Dithmenos
Fedhas
Hepliaklqana
Kikubaaqudgha
Makhleb
Nemelex Xobeh
Okawaru
Qazlal
Ru
Sif Muna
Trog
Uskayaw
Vehumet
Wu Jian
Xom
Yredelemnul

Shops:
D:2 (   D:4 =   D:8 (


Innate Abilities, Weirdness & Mutations

You have a pair of small horns on your head.
You are partially covered in thin metallic scales. (AC +2)
You sometimes gain power by taking damage.
When hurt, damage is shared between your health and your magic reserves.
You regenerate magic rapidly.


Message History

You kill the orc wizard!
You hear a shout!
No target in view!
No target in view!
Things that are here:
a +0 dagger; a +0 robe; a potion of might You reach to attack!
You hit the cyclops.
The cyclops is lightly wounded.
You slash the cyclops! You headbutt the cyclops.
The cyclops is heavily wounded.
The cyclops hits you.
You completely miss the slime creature.
You headbutt the slime creature, but do no damage.
The slime creature hits you!
Two slime creatures merge to form a large slime creature.
You slice the large slime creature!! You headbutt the large slime creature.
The large slime creature is moderately wounded.
The large slime creature hits you!!
You focus on the pain.
You feel your power returning.
The large slime creature attacks as you move away!
The large slime creature misses you.
The large slime creature attacks as you move away!
The large slime creature closely misses you.
You hit the large slime creature.
The large slime creature is moderately wounded.
The large slime creature completely misses you.
You completely miss the large slime creature.
You headbutt the large slime creature!
The large slime creature is moderately wounded.
The large slime creature completely misses you.
The large slime creature hits you!
You slice the large slime creature!!
The large slime creature is heavily wounded.
The large slime creature misses you.
You barely miss the large slime creature.
The large slime creature is heavily wounded.
The large slime creature hits you!!
* * * LOW HITPOINT WARNING * * *
The large slime creature hits you!!
You die... .#.#. # #.. #..## ...####. #.#....# ....J.J..##.## .JR

#.J.)#C## #C# ##..##..#
#.# #####...# #..# #†#
#..†...## #..#
#####C#########J#####..#
#.........#....#@...#..#
#)###.###.#.##...##.#..#
#.# #.# #.#.##...##.#..#
#.###.###.#...###...#..#
...........#..#....#...#
#.###.###.#...###...#..#
#.# #.# #.#.##...##.#..#
#.###.###.#.##...##.#..#
#.........#....#(...#..#


You could see a large slime creature.

Vanquished Creatures
  A rakshasa (D:9)
  2 centaur warriors (D:9)
  A two-headed ogre (D:8)
  A cyclops (D:9)
  An ugly thing (D:9)
  3 manticores (D:9)
  A gargoyle (D:9)
  A kobold demonologist (D:9)
  An efreet (D:9)
  A tengu conjurer (D:9)
  2 hornets (D:8)
  Prince Ribbit (D:7)
  4 wyverns
  8 yaks
  A warg (D:9)
  An acid dragon (D:9)
  Duvessa (D:5)
  4 water moccasins
  3 orc warriors
  2 ice beasts
  3 sky beasts
  3 black bears
  8 centaurs
  2 kobold brigands
  7 bullfrogs
  2 necrophages
  3 scorpions
  4 wights (D:7)
  Dowan (D:5)
  A killer bee (D:9)
  3 howler monkeys
  A crimson imp (D:6)
  4 jellies
  6 orc priests
  5 hounds
  6 orc wizards
  4 gnolls
  11 adders
  A shadow imp (D:6)
  A white imp (D:6)
  2 ufetubi (D:5)
  2 worms
  4 dart slugs
  19 orcs
  6 endoplasms
  6 giant cockroaches
  4 goblins
  6 hobgoblins
  11 kobolds
  5 quokkas
  5 ball pythons
  6 bats
  3 frilled lizards (D:2)
  5 rats
200 creatures vanquished.

Vanquished Creatures (others)
  3 plants
3 creatures vanquished.

Grand Total: 203 creatures vanquished

Notes
Turn   | Place    | Note
-------+----------+-------------------------------------------
     0 | D:5      | flotson the Demonspawn Delver began the quest for the Orb.
     0 | D:5      | Reached XP level 1. HP: 18/18 MP: 1/1
    15 | D:5      | Found a broken altar of Ashenzari.
    43 | D:5      | Noticed a jelly
    77 | D:4      | Noticed a jelly
    96 | D:4      | Found a shimmering blue altar of Sif Muna.
   121 | D:4      | Noticed an orc wizard
   491 | D:2      | Gained mutation: You sometimes gain a little power by
                  | taking damage. [demonic ancestry]
   491 | D:2      | Reached XP level 2. HP: 22/24 MP: 2/2
  1103 | D:1      | Found a faded altar of an unknown god.
  1186 | D:1      | Gained mutation: You regenerate magic rapidly. [demonic
                  | ancestry]
  1186 | D:1      | Reached XP level 3. HP: 27/29 MP: 3/3
  1794 | D:2      | Reached skill level 1 in Armour
  2056 | D:2      | Found Axos's Weapon Shop.
  2314 | D:2      | Reached skill level 1 in Evocations
  2674 | D:3      | Reached skill level 1 in Throwing
  3114 | D:3      | You fall into a shaft and drop 3 floors!
  3118 | D:6      | Noticed a water moccasin
  3269 | D:6      | Reached skill level 1 in Axes
  3269 | D:6      | Gained mutation: You are partially covered in thin metallic
                  | scales. (AC +2) [demonic ancestry]
  3269 | D:6      | Reached XP level 4. HP: 35/35 MP: 4/4
  3716 | D:6      | Found a shimmering altar of Xom.
  3716 | D:6      | Found a burning altar of Makhleb.
  4145 | D:3      | Reached XP level 5. HP: 36/41 MP: 5/5
  4500 | D:2      | Bought 6 javelins for 67 gold pieces
  4639 | D:4      | Found a blossoming altar of Fedhas.
  4901 | D:4      | Noticed a centaur
  4956 | D:4      | Killed a centaur
  4957 | D:4      | Reached skill level 4 in Fighting
  4957 | D:4      | Reached XP level 6. HP: 29/48 MP: 6/6
  5474 | D:4      | Found Gusif's Jewellery Shoppe.
  5691 | D:5      | Noticed Duvessa
  5691 | D:5      | Noticed Dowan
  6055 | D:5      | Killed Duvessa
  6056 | D:5      | Reached XP level 7. HP: 42/55 MP: 7/7
  6064 | D:5      | Killed Dowan
  6598 | D:5      | Gained mutation: You have a pair of small horns on your
                  | head. [demonic ancestry]
  6598 | D:5      | Reached XP level 8. HP: 33/61 MP: 8/8
  6918 | D:5      | Found a staircase to the Ecumenical Temple.
  6925 | Temple   | Entered the Ecumenical Temple
  7002 | D:5      | Reached skill level 5 in Fighting
  8244 | D:6      | Gained mutation: When hurt, damage is shared between your
                  | health and your magic reserves. [demonic ancestry]
  8244 | D:6      | Reached XP level 9. HP: 31/69 MP: 9/9
  8545 | D:6      | Identified the +10 glaive "Uviol" {vorpal, rN+ Str-3 Int+4
                  | Dex+4}
  8716 | D:6      | Reached skill level 6 in Fighting
  8919 | D:7      | Reached skill level 5 in Dodging
  8927 | D:7      | Reached skill level 5 in Evocations
  8936 | D:7      | Found a hide-covered altar of Uskayaw.
  9365 | D:7      | Noticed Prince Ribbit
  9369 | D:7      | Killed Prince Ribbit
  9796 | D:8      | Reached skill level 5 in Armour
  9882 | D:8      | Found Mev Quir's Weapon Shop.
  9911 | D:8      | Reached skill level 5 in Throwing
 10317 | D:8      | Found an ornate altar of the Wu Jian Council.
 10322 | D:8      | Reached XP level 10. HP: 69/77 MP: 8/10
 10556 | D:9      | Found a staircase to the Orcish Mines.
 10758 | D:9      | Noticed a two-headed ogre
 10764 | D:8      | Killed a two-headed ogre
 10929 | D:8      | Reached skill level 7 in Fighting
 11225 | D:9      | Noticed a gargoyle
 11521 | D:9      | Killed a gargoyle
 11654 | D:9      | Noticed a manticore
 11657 | D:9      | Noticed a manticore
 11660 | D:9      | Killed a manticore
 11669 | D:9      | Noticed a centaur warrior
 11673 | D:9      | Noticed a centaur warrior
 11675 | D:9      | Killed a centaur warrior
 11808 | D:9      | Noticed a red ugly thing
 11813 | D:9      | Killed a red ugly thing
 11814 | D:9      | Gained mutation: You sometimes gain power by taking damage.
                  | [demonic ancestry]
 11814 | D:9      | Reached XP level 11. HP: 64/86 MP: 11/11
 12281 | D:9      | Reached skill level 8 in Fighting
 12646 | D:9      | Killed a centaur warrior
 12647 | D:9      | Reached skill level 5 in Polearms
 13027 | D:9      | Noticed a rakshasa
 13195 | D:9      | Found a staircase to the Lair.
 13222 | D:9      | Noticed a boulder beetle
 13712 | D:9      | Killed a rakshasa
 13894 | D:9      | Slain by a large slime creature

Illustrated notes

Levels and vault maps discovered:
D:1:      dpeg_arrival_water_fire, layout_basic, basic_ecumenical_altar
D:2:      wander_river, layout_basic, serial_shops, shop, minivault_24,
          kennysheep_potato
D:3:      layout_basic
D:4:      layout_loops_ring, jmf_multi_god_temple, serial_shops,
          nicolae_lakefront_shop, enter_ossuary_1, mrwooster_statue_mirror,
          minmay_misc_feat_five, st_stairs_10, wad_floor_pattern_untrapped,
          serial_bayou_pond_d, minmay_stone_trees_small,
          hangedman_decor_opposing
D:5:      kennysheep_windowed_halls, layout_basic, mainiacjoe_overflow_brackets,
          zin_treasury, minmay_temple_entry_proselytizer, uniq_duvessa
D:6:      layout_gridville, grunt_temple_overflow_champion_of_chaos
D:7:      layout_loops_corners, marbit_many_paths, uniq_prince_ribbit1
D:8:      layout_loops_corners, elyvilon_altar_4,
          mainiacjoe_overflow_six_doors_small, serial_shops,
          nicolae_take_the_stairs
D:9:      minmay_the_grid_3x3 [minmay_the_grid_square_x, minmay_the_grid_fan,
          minmay_the_grid_eight, minmay_the_grid_minigrid_large,
          minmay_the_grid_embedded, minmay_the_grid_pillar_ring,
          minmay_the_grid_paths, minmay_the_grid_holed_spiral,
          minmay_the_grid_prize_four_corners], layout_rooms,
          erik_lair_orcish_takeover, serial_park_tiny_1, grunt_ministairs_14
Temple:   nicolae_temple_x_marks_the_god

Skill      XL: |  1  2  3  4  5  6  7  8  9 10 11 |
---------------+----------------------------------+-----
Dodging        | 2 3 4 5 6 7 |  7.3
Armour         | 1 2 3 4 5 6 |  6.9
Evocations     | 1 2 3 4 5 6 7 |  7.5
Throwing       | 1 2 3 4 5 6 |  6.8
Axes           | 1 2 3 4 |  4.4
Fighting       | 4 5 6 7 8 |  8.3
Polearms       | 3 4 5 |  5.4
Stealth        | |  4.5

Action                   |  1- 3 |  4- 6 |  7- 9 | 10-12 || total
-------------------------+-------+-------+-------+-------++-------
Melee: Spear             |   140 |       |       |       ||   140
       War axe           |    22 |   135 |   237 |       ||   394
       Headbutt          |       |       |    32 |    32 ||    64
       Glaive            |       |       |    46 |   157 ||   203
Throw: Dart              |       |     7 |     1 |       ||     8
Evoke: Wand              |     2 |       |     1 |     5 ||     8
  Use: Scroll            |     2 |     1 |    14 |     7 ||    24
       Potion            |     1 |     1 |     1 |     2 ||     5
 Stab: Sleeping          |     7 |     1 |     7 |     1 ||    16
       Distracted        |     1 |     1 |       |     4 ||     6
Armor: Ring mail         |    49 |    83 |   147 |    78 ||   357
Dodge: Dodged            |    81 |   143 |   366 |   240 ||   830

Table legend: (Time is in decaauts)
 A = Elapsed time spent in this place.
 B = Non-inter-level travel time spent in this place.
 C = Inter-level travel time spent in this place.
 D = Time resting spent in this place.
 E = Time spent auto-exploring this place.
 F = Levels seen in this place.
 G = Mean time per level.
                   A        B        C        D        E       F      G
               +--------+--------+--------+--------+--------+-----+--------+
         Total |  14133 |  13609 |    524 |   1812 |   9386 |  10 | 1413.3 |
       Dungeon |  14074 |  13558 |    516 |   1812 |   9340 |   9 | 1563.8 |
        Temple |     58 |     50 |      8 |      0 |     46 |   1 |   58.0 |
               +--------+--------+--------+--------+--------+-----+--------+

Top non-repeatable levels by time:
     D:8: 2979 daAuts
     D:5: 2314 daAuts
     D:6: 1604 daAuts
     D:9: 1344 daAuts
     D:4: 1327 daAuts
     D:3: 1238 daAuts
     D:1: 1207 daAuts
     D:2: 1160 daAuts
     D:7: 897 daAuts
  Temple: 58 daAuts
